 Dungeon Crawl Stone Soup version 0.27.0-1-g7a089689b8 (webtiles) character file.

Game seed: 7445345214474033810

114 ZARRMARR the Grasshopper (level 4, -3/35 HPs)
             Began as a Palentonga Warper on Aug 1, 2021.
             Slain by an ogre (14 damage)
             ... on level 4 of the Dungeon.
             The game lasted 00:23:28 (2957 turns).

ZARRMARR the Grasshopper (Palentonga Warper)        Turns: 2957, Time: 00:23:29

Health: -3/35      AC: 11    Str: 21    XL:     4   Next: 67%
Magic:  7/7        EV:  8    Int: 13    God:
Gold:   122        SH:  0    Dex: 16    Spells: 5/7 levels left

rFire    . . .     SeeInvis +   c - +2 dagger (drain)
rCold    . . .     Faith    .   (no shield)
rNeg     . . .     Spirit   .   b - +0 leather armour
rPois    .         Reflect  .   o - +0 helmet
rElec    .         Harm     .   (no cloak)
rCorr    .         Rampage  .   k - +0 pair of gloves
Will     +....                  d - +0 barding "Nyha" {Will+ Stlth+}
Stlth    ++........             (no amulet)
HPRegen  0.11/turn              i - +6 ring of strength
MPRegen  0.10/turn              s - +6 ring of dexterity

@: no status effects
A: large, rugged brown scales 3, see invisible, deformed body, roll 1, armoured
tail
a: Rolling Charge


You were on level 4 of the Dungeon.
You visited 1 branch of the dungeon, and saw 4 of its levels.

You collected 122 gold pieces.

Inventory:

Hand Weapons
 a - a +2 dagger of speed
 c - a +2 dagger of draining (weapon)
 n - a +4 dagger
Missiles
 h - 58 stones (quivered)
Armour
 b - a +0 leather armour (worn)
 d - the +0 barding "Nyha" (worn) {Will+ Stlth+}
   (You acquired it on level 1 of the Dungeon)

   Will:      It increases your willpower.
   Stlth:     It makes you more stealthy.
 k - a +0 pair of gloves (worn)
 o - a +0 helmet (worn)
Jewellery
 f - a ring of magical power
 i - a +6 ring of strength (left hand)
 p - a ring of resist corrosion
 r - a ring of ice
 s - a +6 ring of dexterity (right hand)
 w - a ring of magical power
Wands
 m - a wand of flame (10)
Potions
 e - 3 potions of curing {unknown}
 g - a potion of flight {unknown}
 j - a potion of haste {unknown}
 l - a potion of attraction {unknown}
 t - a potion of mutation {unknown}
 u - 2 potions of brilliance {unknown}


   Skills:
 + Level 2.1 Fighting
 + Level 1.3 Short Blades
 - Level 2.4 Maces & Flails
 + Level 1.1 Throwing
 + Level 1.5 Armour
 + Level 2.0 Dodging
 + Level 0.6 Stealth
 + Level 2.2 Spellcasting
 + Level 3.6 Translocations


You had 5 spell levels left.
You knew the following spells:

 Your Spells              Type           Power      Damage    Failure   Level
a - Blink                 Tloc           N/A        N/A       10%         2

Your spell library contained the following spells:

 Spells                   Type           Power      Damage    Failure   Level
 Gell's Gravitas          Tloc           5%         N/A       19%         3
 Lesser Beckoning         Tloc           5%         N/A       19%         3
 Teleport Other           Tloc           10%        N/A       19%         3
 Magic Dart               Conj           4%         1d3       28%         1
 Portal Projectile        Hex/Tloc       12%        N/A       38%         3
 Call Imp                 Summ           1%         N/A       41%         2
 Slow                     Hex            1%         N/A       41%         2
 Call Canine Familiar     Summ           1%         N/A       65%         3
 Confusing Touch          Hex            1%         N/A       65%         3
 Mephitic Cloud           Conj/Pois/Air  1%         N/A       65%         3
 Manifold Assault         Tloc           10%        N/A       87%         5
 Leda's Liquefaction      Hex/Erth       0%         N/A       96%         4
 Yara's Violent Unravell  Hex/Tmut       0%         3d3       100%        5


Dungeon Overview and Level Annotations

Branches:
Dungeon (4/15)
 Temple: D:4-7

Altars:

Shops:
D:2 (


Innate Abilities, Weirdness & Mutations

You are completely covered in rugged brown scales. (AC +3, +7% HP)
You have supernaturally acute eyesight. (SInv)
Armour fits poorly on your strangely shaped body.
You can roll at nearby foes to attack.
You have a long armoured tail.


Message History

Aim: an ogre, wielding a +0 giant club (translocational energy, heavily wounded, 75% to hit)
You throw a stone.
The stone hits the ogre but does no damage.
The ogre is heavily wounded.
Throw: 63 stones
Press: ? - help, Q - select action, (/) - cycle Shift-Dir - straight line, f/p - ogre
Aim: an ogre, wielding a +0 giant club (heavily wounded, 75% to hit)
You throw a stone.
The stone hits the ogre but does no damage.
The ogre is heavily wounded.
Throw: 62 stones
Press: ? - help, Q - select action, (/) - cycle Shift-Dir - straight line, f/p - ogre
Aim: an ogre, wielding a +0 giant club (heavily wounded, 75% to hit)
You throw a stone. The stone hits the ogre.
The ogre is heavily wounded.
Unknown command.
Throw: 61 stones
Press: ? - help, Q - select action, (/) - cycle Shift-Dir - straight line, f/p - ogre
Aim: an ogre, wielding a +0 giant club (heavily wounded, 75% to hit)
You throw a stone. The stone barely misses the ogre.
Unknown command.
Throw: 60 stones
Press: ? - help, Q - select action, (/) - cycle Shift-Dir - straight line, f/p - ogre
Aim: an ogre, wielding a +0 giant club (heavily wounded, 75% to hit)
You throw a stone.
The stone hits the ogre but does no damage.
The ogre is heavily wounded.
Throw: 59 stones
Press: ? - help, Q - select action, (/) - cycle Shift-Dir - straight line, f/p - ogre
Aim: an ogre, wielding a +0 giant club (heavily wounded, 75% to hit)
You throw a stone. The stone hits the ogre.
The ogre is severely wounded.
The ogre hits you with a +0 giant club.
* * * LOW HITPOINT WARNING * * *
You barely miss the ogre. You tail-slap the ogre.
The ogre is severely wounded.
You hit the ogre but do no damage.
Your tail-slap misses the ogre.
The ogre is severely wounded.
The ogre hits you with a +0 giant club!
You die...

#.... #...#........#
#....# ##..#....(#
#.....##.......(##
............###(.#
#.......# ##(.#
##.......####(.#...#
..###..#......##(.###..#
.....##...##..O## #.#
#.......####@# #..
#......## #.# ..#
#####.##...### ... .#
......###........#.
......†##..[###..##.
######....### #..# .#
##....# #..# #
..###.....# #..#
.....<##.....#


You could see an ogre.

Vanquished Creatures
  Robin (D:2)
  3 adders (D:3)
  A worm (D:2)
  3 dart slugs
  4 bats
  5 endoplasms
  14 goblins
  8 hobgoblins
  2 jackals (D:3)
  3 quokkas
  6 ball pythons
  3 frilled lizards
  5 kobolds
  5 rats
63 creatures vanquished.

Notes
Turn   | Place    | Note
-------+----------+-------------------------------------------
     0 | D:1      | ZARRMARR the Palentonga Warper began the quest for the Orb.
     0 | D:1      | Reached XP level 1. HP: 17/17 MP: 3/3
   415 | D:1      | Reached XP level 2. HP: 23/23 MP: 5/5
   722 | D:1      | Identified a scroll of acquirement
   722 | D:1      | Acquired the +0 barding "Nyha" {Will+ Stlth+}
   782 | D:2      | Learned a level 2 spell: Blink
   893 | D:2      | Noticed Robin
  1129 | D:3      | Reached XP level 3. HP: 28/28 MP: 6/6
  1255 | D:2      | Reached skill level 1 in Armour
  1689 | D:2      | Reached skill level 1 in Throwing
  1693 | D:2      | Killed Robin
  1699 | D:2      | Reached XP level 4. HP: 32/35 MP: 7/7
  1926 | D:2      | Found Agaick Zucw's Antique Weapon Boutique.
  2130 | D:2      | Found a faded altar of an unknown god.
  2489 | D:3      | Reached skill level 1 in Short Blades
  2940 | D:4      | Noticed an ogre
  2957 | D:4      | Slain by an ogre

Illustrated notes

Levels and vault maps discovered:
D:1:      dpeg_arrival_oval, layout_basic
D:2:      layout_loops_corners, serial_shops, shop_fountains,
          ebering_ecumenical_altar_petrified, uniq_robin
D:3:      layout_basic
D:4:      mumra_celtic_spiral_tile, layout_layer_cave

Skill      XL: |  1  2  3  4 |
---------------+-------------+-----
Armour         | 1 |  1.5
Throwing       | 1 |  1.1
Short Blades   | 1 |  1.3
Dodging        | 2 |  2.0
Fighting       | |  2.1
Maces & Flails | |  2.4
Stealth        | |  0.6
Spellcasting   | |  2.2
Translocations | |  3.6

Action                   |  1- 3 |  4- 6 || total
-------------------------+-------+-------++-------
Melee: Mace              |    41 |       ||    41
       Tailslap          |    14 |     8 ||    22
       Dagger            |    38 |    51 ||    89
Throw: Boomerang         |     5 |       ||     5
       Stone             |    38 |    28 ||    66
 Cast: Blink             |       |     1 ||     1
  Use: Scroll            |     3 |     2 ||     5
 Stab: Sleeping          |     4 |     5 ||     9
Armor: Leather armour    |    55 |    13 ||    68
Dodge: Dodged            |    24 |    14 ||    38
